Description

uThermal Terran School #02 Build. Greedy Variant Early 3rd CC

VOD

https://www.youtube.com/watch?v=BluxCEoaA1k

Replay - 2020-05-15 - (T)thermostaat VS (Z)SortOf

Build Order

Get SALT Encoding   

  12  0:01  SCV  
  13  0:13  SCV  
  14  0:17  Supply Depot  
  14  0:25  SCV  
  15  0:39  Barracks, SCV  
  16  0:44  Refinery  
  16  0:51  SCV  
  17  1:03  SCV  
  18  1:15  SCV  
  19  1:27  Reaper, Orbital Command  
  20  1:40  Command Center  
  20  1:48  Supply Depot  
  21  1:54  SCV  
  21  1:58  Marine  
  22  2:06  SCV  
  23  2:09  Factory  
  23  2:14  Refinery  
  23  2:16  Marine  
  23  2:18  SCV  
  25  2:35  Barracks Reactor  
  27  2:53  Starport, Orbital Command  
  28  3:10  Command Center  
  31  3:23  Hellion x2  
  35  3:32  Fusion Core  
  37  3:44  Hellion x2  
  37  3:45  Supply Depot  
  41  3:52  Starport Tech Lab  
  44  4:07  Hellion x2  
  50  4:22  Battlecruiser  
  57  4:28  Orbital Command  
  57  4:31  Hellion  
  60  4:37  Refinery x2  
  60  4:40  Hellion  
  64  4:45  Supply Depot  
  64  4:54  Supply Depot  
  64  4:57  Hellion  
  69  5:07  Hellion  
  74  5:14  Factory x2  
  77  5:24  Orbital Command  
  76  5:29  Battlecruiser  
  72  5:46  Weapon Refit  
  72  5:53  Refinery  
  76  5:59  Factory Tech Lab x2  
  85  6:19  Siege Tank x2  
  85  6:24  Refinery  
  95  6:38  Battlecruiser  
  104  6:53  Armory x2  
  111  7:03  Siege Tank x2  
  111  7:04  Engineering Bay  
  118  7:23  Command Center  
  118  7:28  Factory x2  
  122  7:36  Missile Turret x3  
  122  7:42  Terran Vehicle Weapons Level 1, Terran Vehicle And Ship Armor Level 1  
  122  7:43  Siege Tank  
  125  7:47  Missile Turret  
  129  7:51  Siege Tank  
  133  8:13  Factory Tech Lab  
  133  8:15  Factory Reactor  
  133  8:19  Mag-Field Accelerator, Infernal Pre-Igniter  
  133  8:20  Cyclone x2  
  140  8:38  Cyclone  
  139  8:46  Command Center x2  
  136  8:52  Cyclone x2  
  134  9:02  Factory x3  
  137  9:08  Missile Turret  
  144  9:10  Siege Tank  
  149  9:21  Planetary Fortress  
  150  9:24  Cyclone  
  159  9:38  Smart Servos  
  159  9:40  Cyclone  
  159  9:45  Terran Vehicle Weapons Level 2  
  162  9:51  Terran Vehicle And Ship Armor Level 2  
  162  9:52  Factory Tech Lab x2  
  160  9:55  Factory Reactor  
Spawning Tool Build Advisor. Get it on Overwolf

Go to:

Details

  • Created by: YemaThar
  • Published on: Jun 14, 2020
  • Modified on: Jun 14, 2020
  • Patch: 4.11.0
  • Difficulty: Medium
Show
View Real Time Build Order
Export as new Build Order

Comments (3)

On June 21, 2020, 11:25 a.m., YemaThar  said:

Thank you! Let me check and correct that :)

On June 21, 2020, 11:15 a.m., LOLItsRyan  said:

I don't know how to edit comments, sorry, but it's 57 supply and 77 supply.

On June 21, 2020, 11:15 a.m., LOLItsRyan  said:

3rd Orbital is on there twice. At 57 supply and 7 supply.

Great guide!

Create an account to comment!